 Dungeon Crawl Stone Soup version 0.29.1-15-g9cfb28693d (webtiles) character file.

Game seed: 6560682980455867787

17 redmage the Digger (level 3, -3/26 HPs)
             Began as a Meteoran Earth Elementalist on Sept 7, 2023.
             Slain by a river rat (6 damage)
             ... on level 3 of the Dungeon.
             The game lasted 00:02:19 (184 turns).

redmage the Digger (Meteoran Earth Elementalist)     Turns: 184, Time: 00:02:19

Health: -3/26      AC:  2    Str:  9    XL:     3   Next: 2%
Magic:  0/8        EV: 12    Int: 19    God:
Gold:   42         SH:  0    Dex: 14    Spells: 2/8 levels left

rFire   . . .      SeeInvis .   (no weapon)
rCold   . . .      Faith    .   (no shield)
rNeg    . . .      Spirit   .   a - +0 robe
rPois   .          Reflect  .   (no helmet)
rElec   .          Harm     .   (no cloak)
rCorr   .          Rampage  .   (no gloves)
Will    .....                   (no boots)
Stlth   +.........              (no amulet)
HPRegen 0.08/turn               (no ring)
MPRegen 0.11/turn               (no ring)

@: glowing, very slow
A: sense surroundings 1, otherworldly, glowing, explore regen
a: no special abilities


You were on level 3 of the Dungeon.
You visited 1 branch of the dungeon, and saw 3 of its levels.

You collected 42 gold pieces.

Inventory:

Armour
 a - a +0 robe (worn)
Scrolls
 c - a scroll of enchant armour {unknown}
 d - a scroll of fear {unknown}
 e - a scroll of identify {unknown}
 f - a scroll of poison {unknown}
 g - a scroll of blinking {unknown}
Potions
 b - a potion of magic


   Skills:
 - Level 2.7 Dodging
 - Level 1.6 Stealth
 + Level 3.0 Spellcasting
 - Level 1.7 Transmutations
 + Level 3.8 Earth Magic


You had 2 spell levels left.
You knew the following spells:

 Your Spells              Type           Power      Damage    Failure   Level
a - Sandblast             Erth           34%        2d9       3%          1
b - Passwall              Tmut/Erth      10%        N/A       8%          2
c - Stone Arrow           Conj/Erth      20%        3d8       21%         3

Your spell library contained the following spells:

 Spells                   Type           Power      Damage    Failure   Level
 Petrify                  Tmut/Erth      13%        N/A       43%         4


Dungeon Overview and Level Annotations

Branches:
Dungeon (3/15) Zot: 1594

Altars:

Shops:
D:1 :


Innate Abilities, Weirdness & Mutations

You passively map a small area around you.
You are easily found by Zot.
You glow in the dark.
You regain HP and MP as you explore.


Message History

Press: ? - help, Shift-Dir - straight line, f - rat
Aim: a rat (82% to hit)
The blast of sand hits the rat!
You kill the rat!
Unknown command.
Memorise Passwall, consuming 2 spell levels and leaving 5?
You start memorising the spell.
You continue memorising. x2
You finish memorising.
Spell assigned to 'b'.
This spell is quite dangerous to cast!
Memorise Stone Arrow, consuming 3 spell levels and leaving 2?
You start memorising the spell.
You continue memorising. x3
You finish memorising.
Spell assigned to 'c'.
A river rat comes into view.
Casting: Sandblast (safe; 3% risk of failure)
Confirm with . or Enter, or press ? or * to list all spells.
Aiming: Sandblast (safe; 3% risk of failure)
Press: ? - help, Shift-Dir - straight line, f - river rat
Aim: a river rat (80% to hit)
The blast of sand hits the river rat but does no damage.
The river rat bites you.
* * * LOW HITPOINT WARNING * * *
Unknown command.
Casting: Sandblast (safe; 3% risk of failure)
Confirm with . or Enter, or press ? or * to list all spells.
Aiming: Sandblast (safe; 3% risk of failure)
Press: ? - help, Shift-Dir - straight line, f/p - river rat
Aim: a river rat (80% to hit)
The blast of sand hits the river rat.
The river rat is heavily wounded.
The river rat bites you.
* * * LOW HITPOINT WARNING * * *
Casting: Sandblast (safe; 3% risk of failure)
Confirm with . or Enter, or press ? or * to list all spells.
Aiming: Sandblast (safe; 3% risk of failure)
Press: ? - help, Shift-Dir - straight line, f/p - river rat
Aim: a river rat (heavily wounded, 80% to hit)
The blast of sand hits the river rat but does no damage.
The river rat is heavily wounded.
The river rat bites you.
You die...

, , ,, , * ,, , , ** * , *
, * *** * * * , , , , , ,,,
##*, ,,####...# .. ,
##~######~##...###.# ~ ,
#~~~~~~~~~~#...#...#
,#~~@####~~~#...#...# ##r##
##~##...#..., ~ #~
~~#~##.....# , , #~ ~
~#~#......#,. , , #~
##~##.....#,. , *~~ ~
#~~~#.....#.. #. ~~
#~~~#.....#.. * , ....
#~######~##........ *
,,....#####....#.#....#.#..


You could see a river rat.

Vanquished Creatures
  An adder (D:3)
  A ball python (D:1)
  2 bats
  2 giant cockroaches
  2 rats (D:3)
8 creatures vanquished.

Notes
Turn   | Place    | Note
-------+----------+-------------------------------------------
     0 | D:1      | redmage the Meteoran Earth Elementalist began the quest for
                  | the Orb.
     0 | D:1      | Reached XP level 1. HP: 14/14 MP: 5/5
    14 | D:1      | Found Zitotoiwk's Book Shop.
    83 | D:1      | Reached XP level 2. HP: 14/20 MP: 1/6
   166 | D:3      | Reached XP level 3. HP: 5/26 MP: 0/8
   171 | D:3      | Learned a level 2 spell: Passwall
   175 | D:3      | Learned a level 3 spell: Stone Arrow
   184 | D:3      | Slain by a river rat

Illustrated notes

Levels and vault maps discovered:
D:1:      scummos_arrival_hexagon, layout_basic,
          dreamdust_ecumenical_altar_grove, serial_shops, shop_fountains,
          nicolae_shop_hallway_stairs
D:2:      layout_loops_ring, serial_shops, nicolae_shop_hallway_plus, hex_tiny
D:3:      layout_basic, nicolae_sif_muna_condensation, serial_shops, shop, shop,
          gup_sewer_entry_bubbles, wad_orctagon

Skill      XL: |  1  2 |
---------------+-------+-----
Spellcasting   | 3 |  3.0
Dodging        | |  2.7
Stealth        | |  1.6
Transmutations | |  1.7
Earth Magic    | |  3.8

Action                   || total
-------------------------++-------
Melee: Unarmed           ||    19
 Cast: Sandblast         ||    22
Armor: Robe              ||    13
Dodge: Dodged            ||    23
